PAA
MINNESOTA LOONS @ MERCER ISLAND SCREAMING EAGLES
09/05/2033
 
TOP OF THE 1ST
Minnesota Loons batting - Pitching for Mercer Island Screaming Eagles : RHP Darren Minich
Pitching: RHP Darren Minich
Batting: RHB Héctor Espiga 0-0: Foul Ball, location: 2F
0-1: Called Strike
0-2: Ground out 5-3 (Groundball, 56)
Batting: LHB Sergio Cruz 0-0: Called Strike
0-1: Foul Ball, location: 2F
0-2: Fly out, F3 (Popup, 3F)
Batting: RHB Júlio Vargas 0-0: Ball
1-0: Ground out 6-3 (Groundball, 6)
Top of the 1st over - 0 runs, 0 hits, 0 errors, 0 left on base; Minnesota 0 - Mercer Island 0
BOTTOM OF THE 1ST
Mercer Island Screaming Eagles batting - Pitching for Minnesota Loons : LHP Steve Tedder
Pitching: LHP Steve Tedder
Batting: RHB Ed Bowers 0-0: Ball
1-0: Ball
2-0: Ball
3-0: Called Strike
3-1: Swinging Strike
3-2: Base on Balls
Batting: RHB Alfredo García 0-0: Fly out, F8 (Flyball, 8LD)
Batting: RHB Juan Reyes 0-0: Ball
1-0: Called Strike
1-1: Foul Ball, location: 2F
1-2: Ball
2-2: SINGLE (Line Drive, 78S)
Ed Bowers to second
Batting: RHB Dejmi Dumervil 0-0: Ball
1-0: Called Strike
1-1: Foul Ball, location: 2F
1-2: Fly out, F9 (Line Drive, 9S)
Batting: RHB Oliver Burrell 0-0: Ball
1-0: Ball
2-0: Foul Ball, location: 2F
2-1: Foul Ball, location: 2F
2-2: SINGLE (Line Drive, 78S)
Ed Bowers to third
Juan Reyes to second
Runner from 3rd tries for Home, SAFE, no throw
Batting: RHB António Ramírez 0-0: Called Strike
0-1: Foul Ball, location: 2F
0-2: Ball
1-2: 3-RUN HOME RUN (Flyball, 9LD), Distance : 358 ft
Batting: RHB Terry John 0-0: Ball
1-0: Ground out 4-3 (Groundball, 4)
Bottom of the 1st over - 4 runs, 3 hits, 0 errors, 0 left on base; Minnesota 0 - Mercer Island 4
TOP OF THE 2ND
Minnesota Loons batting - Pitching for Mercer Island Screaming Eagles : RHP Darren Minich
Batting: RHB Augusto Manuel 0-0: Ball
1-0: Ball
2-0: Called Strike
2-1: Ball
3-1: Base on Balls
Batting: RHB Ramón Yniguez 0-0: Ball
1-0: Swinging Strike
1-1: Ball
2-1: Foul Ball, location: 2F
2-2: Ball
3-2: Strikes out swinging
Batting: LHB Atro Jarvilehto 0-0: Ball
1-0: Fly out, F9 (Flyball, 9)
Batting: RHB Joe Ferguson 0-0: Ball
Augusto Manuel is caught stealing 2nd base
Top of the 2nd over - 0 runs, 0 hits, 0 errors, 0 left on base; Minnesota 0 - Mercer Island 4
BOTTOM OF THE 2ND
Mercer Island Screaming Eagles batting - Pitching for Minnesota Loons : LHP Steve Tedder
Batting: RHB Kenny DeWitt 0-0: Ball
1-0: Called Strike
1-1: Ball
2-1: Ground out 1-3 (Groundball, P)
Batting: SHB Eisse van Opdorp 0-0: Called Strike
0-1: Ball
1-1: Ball
2-1: Ball
3-1: SINGLE (Flyball, 89S)
Batting: RHB Ed Bowers 0-0: Ball
1-0: Ball
2-0: Called Strike
2-1: DOUBLE (Line Drive, 9D)
Eisse van Opdorp to third
Runner from 3rd tries for Home, SAFE, no throw
Batting: RHB Alfredo García 0-0: Ball
1-0: SINGLE (Groundball, 6MD)
Ed Bowers to third
Runner from 3rd tries for Home, SAFE, no throw
Batting: RHB Juan Reyes 0-0: Ball
1-0: Foul Ball, location: 2F
1-1: Ball
2-1: Ball
3-1: Fly out, F7 (Flyball, 7LSF)
Batting: RHB Dejmi Dumervil 0-0: Ball
Alfredo García is caught stealing 2nd base
Bottom of the 2nd over - 2 runs, 3 hits, 0 errors, 0 left on base; Minnesota 0 - Mercer Island 6
TOP OF THE 3RD
Minnesota Loons batting - Pitching for Mercer Island Screaming Eagles : RHP Darren Minich
Batting: RHB Joe Ferguson 0-0: Ball
1-0: Ball
2-0: Ball
3-0: Called Strike
3-1: Base on Balls
Batting: RHB Dave Sosa 0-0: Ball
1-0: Fly out, F8 (Flyball, 8LM)
Batting: SHB Raúl Mateo 0-0: Called Strike
0-1: Ground out 4-3 (Groundball, 34)
Joe Ferguson to second
Batting: RHB Héctor Espiga 0-0: Ball
1-0: Called Strike
1-1: Called Strike
1-2: Foul Ball, location: 2F
1-2: Ground out 6-3 (Groundball, 6M)
Top of the 3rd over - 0 runs, 0 hits, 0 errors, 1 left on base; Minnesota 0 - Mercer Island 6
BOTTOM OF THE 3RD
Mercer Island Screaming Eagles batting - Pitching for Minnesota Loons : LHP Steve Tedder
Batting: RHB Dejmi Dumervil 0-0: Called Strike
0-1: Ball
1-1: Ball
2-1: Ball
3-1: Base on Balls
Batting: RHB Oliver Burrell 0-0: Called Strike
0-1: Ball
1-1: Foul Ball, location: 2F
1-2: Ball
2-2: Foul Ball, location: 2F
2-2: Foul Ball, location: 2F
2-2: Foul Ball, location: 2F
2-2: Fly out, F6 (Popup, 6M)
Batting: RHB António Ramírez 0-0: Ball
1-0: Called Strike
1-1: Fly out, F8 (Flyball, 8LS)
Batting: RHB Terry John 0-0: Ground out 4-3 (Groundball, 4)
Bottom of the 3rd over - 0 runs, 0 hits, 0 errors, 1 left on base; Minnesota 0 - Mercer Island 6
TOP OF THE 4TH
Minnesota Loons batting - Pitching for Mercer Island Screaming Eagles : RHP Darren Minich
Batting: LHB Sergio Cruz 0-0: Swinging Strike
0-1: Swinging Strike
0-2: Foul Ball, location: 2F
0-2: Ball
1-2: Ball
2-2: Strikes out swinging
Batting: RHB Júlio Vargas 0-0: Ball
1-0: Swinging Strike
1-1: Called Strike
1-2: Ground out 6-3 (Groundball, 6)
Batting: RHB Augusto Manuel 0-0: Called Strike
0-1: Ball
1-1: Ground out 2-3 (Groundball, 15S)
Top of the 4th over - 0 runs, 0 hits, 0 errors, 0 left on base; Minnesota 0 - Mercer Island 6
BOTTOM OF THE 4TH
Mercer Island Screaming Eagles batting - Pitching for Minnesota Loons : LHP Steve Tedder
Batting: RHB Kenny DeWitt 0-0: SOLO HOME RUN (Flyball, 7D), Distance : 374 ft
Batting: SHB Eisse van Opdorp 0-0: Fly out, F9 (Flyball, 89D)
Batting: RHB Ed Bowers 0-0: Fly out, F9 (Flyball, 9LS)
Batting: RHB Alfredo García 0-0: Ball
1-0: Ground out 5-3 (Groundball, 56S)
Bottom of the 4th over - 1 run, 1 hit, 0 errors, 0 left on base; Minnesota 0 - Mercer Island 7
TOP OF THE 5TH
Minnesota Loons batting - Pitching for Mercer Island Screaming Eagles : RHP Darren Minich
Batting: RHB Ramón Yniguez 0-0: Called Strike
0-1: Ball
1-1: Swinging Strike
1-2: Foul Ball, location: 2F
1-2: Strikes out swinging
Batting: LHB Atro Jarvilehto 0-0: Ball
1-0: Called Strike
1-1: Foul Ball, location: 2F
1-2: SINGLE (Line Drive, 5)
Batting: RHB Joe Ferguson 0-0: Ball
1-0: Ball
2-0: Called Strike
2-1: Ball
3-1: SINGLE (Groundball, 34) (infield hit)
Atro Jarvilehto to second
Batting: RHB Dave Sosa 0-0: Ball
1-0: Fly out, F6 (Line Drive, 6)
Pitching: LHP Pavle Simic
Batting: SHB Raúl Mateo 0-0: SINGLE (Groundball, 56) (infield hit)
Atro Jarvilehto to third
Joe Ferguson to second
Batting: RHB Héctor Espiga 0-0: Ball
1-0: Called Strike
1-1: Foul Ball, location: 2F
1-2: DOUBLE (Line Drive, 7LS)
Atro Jarvilehto scores
Joe Ferguson scores
Raúl Mateo to third
Runner from 3rd tries for Home, SAFE, no throw
Batting: LHB Sergio Cruz 0-0: Called Strike
0-1: Ball
1-1: Foul Ball, location: 2F
1-2: Ball
2-2: Strikes out swinging
Top of the 5th over - 3 runs, 4 hits, 0 errors, 1 left on base; Minnesota 3 - Mercer Island 7
BOTTOM OF THE 5TH
Mercer Island Screaming Eagles batting - Pitching for Minnesota Loons : LHP Steve Tedder
Batting: RHB Juan Reyes 0-0: Swinging Strike
0-1: Ground out 5-3 (Groundball, 56S)
Batting: RHB Dejmi Dumervil 0-0: Fly out, F9 (Flyball, 9LS)
Batting: RHB Oliver Burrell 0-0: Foul Ball, location: 2F
0-1: SOLO HOME RUN (Flyball, 7LD), Distance : 374 ft
Batting: RHB António Ramírez 0-0: Called Strike
0-1: Ball
1-1: SOLO HOME RUN (Flyball, 9LD), Distance : 351 ft
Pitching: RHP Ronald Beedy
Batting: RHB Terry John 0-0: Ball
1-0: Ball
2-0: Ball
3-0: Base on Balls
Batting: RHB Kenny DeWitt 0-0: Ball
1-0: Ball
2-0: Fly out, F5 (Line Drive, 56S)
Bottom of the 5th over - 2 runs, 2 hits, 0 errors, 1 left on base; Minnesota 3 - Mercer Island 9
TOP OF THE 6TH
Minnesota Loons batting - Pitching for Mercer Island Screaming Eagles : LHP Pavle Simic
Batting: RHB Júlio Vargas 0-0: Ball
1-0: Called Strike
1-1: SOLO HOME RUN (Flyball, 7LD), Distance : 356 ft
Batting: RHB Augusto Manuel 0-0: Fly out, F9 (Flyball, 89S)
Batting: RHB Ramón Yniguez 0-0: Foul Ball, location: 2F
0-1: Ball
1-1: Foul Ball, location: 2F
1-2: Strikes out swinging
Batting: LHB Atro Jarvilehto 0-0: Ball
1-0: Called Strike
1-1: Called Strike
1-2: Ball
2-2: Strikes out looking
Top of the 6th over - 1 run, 1 hit, 0 errors, 0 left on base; Minnesota 4 - Mercer Island 9
BOTTOM OF THE 6TH
Mercer Island Screaming Eagles batting - Pitching for Minnesota Loons : RHP Ronald Beedy
Batting: SHB Eisse van Opdorp 0-0: Foul Ball, location: 2F
0-1: Foul Ball, location: 2F
0-2: Strikes out swinging
Batting: RHB Ed Bowers 0-0: Ball
1-0: Ball
2-0: Ball
3-0: Called Strike
3-1: Reached on error, E5 (Groundball, 56)
Batting: RHB Alfredo García 0-0: Ball
1-0: Ball
2-0: Called Strike
2-1: Ball
3-1: Called Strike
3-2: Fly out, F7 (Flyball, 7LS)
Batting: RHB Juan Reyes 0-0: Ball
1-0: Ball
2-0: Foul Ball, location: 2F
2-1: Ball
3-1: Foul Ball, location: 2F
3-2: Ground out 6-3 (Groundball, 6)
Bottom of the 6th over - 0 runs, 0 hits, 1 error, 1 left on base; Minnesota 4 - Mercer Island 9
TOP OF THE 7TH
Minnesota Loons batting - Pitching for Mercer Island Screaming Eagles : LHP Pavle Simic
Batting: RHB Joe Ferguson 0-0: Called Strike
0-1: Foul Ball, location: 2F
0-2: Strikes out swinging
Batting: RHB Dave Sosa 0-0: Ball
1-0: Called Strike
1-1: Ball
2-1: Ball
3-1: Base on Balls
Batting: SHB Raúl Mateo 0-0: Called Strike
0-1: Foul Ball, location: 2F
0-2: Fly out, F6 (Line Drive, 6)
Batting: RHB Héctor Espiga 0-0: Foul Ball, location: 2F
0-1: Ball
1-1: Called Strike
1-2: Fly out, F8 (Flyball, 8RD)
Top of the 7th over - 0 runs, 0 hits, 0 errors, 1 left on base; Minnesota 4 - Mercer Island 9
BOTTOM OF THE 7TH
Mercer Island Screaming Eagles batting - Pitching for Minnesota Loons : RHP Ronald Beedy
Batting: RHB Dejmi Dumervil 0-0: SINGLE (Line Drive, 6MD)
Batting: RHB Oliver Burrell Error on foul ball, E9
0-1: Ball
Dejmi Dumervil steals 2nd base
1-1: Ball
2-1: Called Strike
2-2: Foul Ball, location: 2F
2-2: Ball
3-2: Foul Ball, location: 2F
3-2: SINGLE (Groundball, 56D)
Dejmi Dumervil to third
Batting: RHB António Ramírez 0-0: Called Strike
0-1: Swinging Strike
0-2: Fly out, F8 (Flyball, 78M)
Runner from 3rd tags up, SCORES, throw made
Batting: RHB Terry John 0-0: Ball
1-0: Called Strike
1-1: Called Strike
1-2: Fly out, F6 (Line Drive, 6)
Batting: RHB Kenny DeWitt 0-0: Called Strike
0-1: Ball
1-1: Called Strike
1-2: Foul Ball, location: 2F
1-2: SINGLE (Flyball, 8LS)
Oliver Burrell to second
Batting: SHB Eisse van Opdorp 0-0: Called Strike
0-1: Ball
1-1: Foul Ball, location: 2F
1-2: Foul Ball, location: 2F
1-2: Ball
2-2: Ball
3-2: Fly out, F9 (Flyball, 9LM)
Bottom of the 7th over - 1 run, 3 hits, 1 error, 2 left on base; Minnesota 4 - Mercer Island 10
TOP OF THE 8TH
Minnesota Loons batting - Pitching for Mercer Island Screaming Eagles : LHP Pavle Simic
Batting: LHB Sergio Cruz 0-0: Called Strike
0-1: DOUBLE (Line Drive, 89D)
Batting: RHB Júlio Vargas 0-0: Fly out, F4 (Popup, 34)
Batting: RHB Augusto Manuel 0-0: Ball
1-0: Called Strike
1-1: Swinging Strike
1-2: SINGLE (Line Drive, 56D)
Sergio Cruz to third
Runner from 3rd tries for Home, SAFE, no throw
Batting: RHB Ramón Yniguez 0-0: Foul Ball, location: 2F
0-1: Called Strike
0-2: Strikes out looking
Batting: LHB Atro Jarvilehto 0-0: Ball
1-0: Foul Ball, location: 2F
1-1: Called Strike
1-2: Ball
2-2: Foul Ball, location: 2F
2-2: Foul Ball, location: 2F
2-2: Ball
3-2: SINGLE (Line Drive, 8LM)
Augusto Manuel to second
Augusto Manuel to third
Batting: RHB Joe Ferguson 0-0: SINGLE (Flyball, 8LS)
Augusto Manuel scores
Atro Jarvilehto to second
Runner from 2nd tries for 3rd, SAFE, throw made to third
Pitching: RHP Darby Marshall
Batting: RHB Dave Sosa 0-0: Called Strike
0-1: Ball
1-1: Fly out, F7 (Flyball, 7)
Top of the 8th over - 2 runs, 4 hits, 0 errors, 2 left on base; Minnesota 6 - Mercer Island 10
BOTTOM OF THE 8TH
Mercer Island Screaming Eagles batting - Pitching for Minnesota Loons : RHP Ronald Beedy
Batting: RHB Ed Bowers 0-0: Ball
1-0: Called Strike
1-1: Fly out, F7 (Flyball, 78S)
Batting: RHB Alfredo García 0-0: Ball
1-0: Ball
2-0: Ball
3-0: Base on Balls
Pitching: RHP Chris Lowe
Batting: RHB Juan Reyes 0-0: Ball
1-0: Ball
2-0: Swinging Strike
2-1: Called Strike
2-2: Fly out, F8 (Flyball, 8LS)
Batting: RHB Dejmi Dumervil 0-0: Foul Ball, location: 2F
0-1: Foul Ball, location: 2F
0-2: Foul Ball, location: 2F
0-2: Ball
1-2: Strikes out swinging
Bottom of the 8th over - 0 runs, 0 hits, 0 errors, 1 left on base; Minnesota 6 - Mercer Island 10
TOP OF THE 9TH
Minnesota Loons batting - Pitching for Mercer Island Screaming Eagles : RHP Darby Marshall
Batting: SHB Raúl Mateo 0-0: Ball
1-0: Foul Ball, location: 2F
1-1: Foul Ball, location: 2F
1-2: Ball
2-2: Foul Ball, location: 2F
2-2: Ball
3-2: Strikes out swinging
Batting: RHB Héctor Espiga 0-0: Ground out 5-3 (Groundball, 5L)
Batting: LHB Sergio Cruz 0-0: Called Strike
0-1: Swinging Strike
0-2: Ball
1-2: Foul Ball, location: 2F
1-2: Strikes out swinging
Top of the 9th over - 0 runs, 0 hits, 0 errors, 0 left on base; Minnesota 6 - Mercer Island 10
Saturday, December 22nd, 2018 - OOTP Baseball 18.8 Build 76